 Dungeon Crawl Stone Soup version 0.24-a0-181-gd121a6d (webtiles) character file.

Game seed: 3813765312955820316

6134 tilp the Basher (level 10, -6/70 HPs)
             Began as a Demonspawn Chaos Knight on Mar 14, 2019.
             Was a Plaything of Xom.
             Mangled by a two-headed ogre
             ... wielding a +0 giant club
              (9 damage)
             ... on level 10 of the Dungeon.
             The game lasted 00:32:09 (7902 turns).

tilp the Basher (Demonspawn Chaos Knight)           Turns: 7902, Time: 00:32:10

Health: -6/70      AC: 19    Str: 17    XL:     10   Next: 59%
Magic:  11/11      EV:  5    Int: 17    God:    Xom [.*....]
Gold:   571        SH:  5    Dex: 16    Spells: 4/9 levels left

rFire    . . .     SeeInvis .   a - +1 mace (chaos)
rCold    . . .     Gourm    .   e - +0 buckler
rNeg     . . .     Faith    .   Q - +0 plate armour
rPois    .         Spirit   .   (helmet unavailable)
rElec    .         Reflect  .   n - +2 cloak
rCorr    .         Harm     .   F - +0 pair of gloves
MR       .....     Clarity  +   M - +0 pair of boots
Stlth    ..........             l - amulet of regeneration
HPRegen  0.61/turn              q - ring of stealth
MPRegen  0.12/turn              L - +4 ring of dexterity

@: no status effects
A: fangs 1, horns 3, thin metallic scales 2, clarity, clever 2, high mp 1,
nightstalker 1, spiny 1
a: Renounce Religion


You were on level 10 of the Dungeon.
You worshipped Xom.
You were a plaything of Xom.
You were not hungry.

You visited 1 branch of the dungeon, and saw 10 of its levels.
You also visited: Ossuary.

You collected 571 gold pieces.

Inventory:

Hand Weapons
 a - a +1 mace of chaos (weapon)
 b - a +2 whip of electrocution
 x - a +2 scythe of flaming
 z - a +2 war axe of electrocution
Missiles
 o - 259 stones
 A - 16 tomahawks
 O - a throwing net
 P - 2 steel tomahawks (quivered)
Armour
 e - a +0 buckler (worn)
 n - a +2 cloak (worn)
 F - a +0 pair of gloves (worn)
 M - a +0 pair of boots (worn)
 Q - a +0 plate armour (worn)
Jewellery
 l - an amulet of regeneration (around neck)
 q - a ring of stealth (left hand)
 t - an uncursed amulet of faith {unknown}
 L - a +4 ring of dexterity (right hand)
Wands
 y - a wand of scattershot (3)
 G - a wand of paralysis (13)
 N - a wand of digging (6)
Scrolls
 d - 3 scrolls of enchant weapon
 g - 6 scrolls of remove curse
 j - 2 scrolls of teleportation
 k - a scroll of amnesia
 r - 3 scrolls of noise
 w - a scroll of immolation
 J - 3 scrolls of enchant armour {unknown}
 K - 2 scrolls of fog
Potions
 f - 5 potions of heal wounds
 h - 2 potions of magic
 i - 7 potions of curing
 m - a potion of invisibility
 p - 3 potions of brilliance
 s - 3 potions of degeneration
 v - 3 potions of flight
 B - 2 potions of might
 C - 3 potions of agility
 D - a potion of resistance {unknown}
 E - a potion of ambrosia {unknown}
 H - a potion of lignification {unknown}
Comestibles
 c - 15 rations
 u - a chunk of flesh


   Skills:
 - Level 3.0 Fighting
 + Level 13.7 Maces & Flails
 - Level 1.7 Armour
 - Level 0.8 Dodging
 - Level 4.4 Shields


You had 4 spell levels left.
You knew the following spells:

 Your Spells              Type           Power        Failure   Level  Hunger
a - Blink                 Tloc           N/A          100%        2    ###....
b - Tukima's Dance        Hex            #.......     100%        3    ####...

Your spell library contained the following spells:

 Spells                   Type           Power        Failure   Level  Hunger
 Confusing Touch          Hex            #.....       100%        1    ##.....
 Corona                   Hex            #......      100%        1    ##.....
 Shock                    Conj/Air       #...         100%        1    ##.....
 Ensorcelled Hibernation  Hex/Ice        #.....       100%        2    ###....
 Slow                     Hex            #.......     100%        2    ###....
 Swiftness                Chrm/Air       #.......     100%        2    ###....
 Confuse                  Hex            #.......     100%        3    ####...
 Dazzling Spray           Conj/Hex       #.....       100%        3    ####...
 Gell's Gravitas          Tloc           #.........   100%        3    ####...
 Inner Flame              Hex/Fire       #.......     100%        3    ####...
 Portal Projectile        Hex/Tloc       #.....       100%        3    ####...
 Static Discharge         Conj/Air       #.......     100%        3    ####...
 Airstrike                Air            #.........   100%        4    #####..
 Cause Fear               Hex            #.........   100%        4    #####..
 Ice Form                 Ice/Tmut       #.......     100%        4    #####..
 Leda's Liquefaction      Hex/Erth       #.........   100%        4    #####..
 Petrify                  Tmut/Erth      #.......     100%        4    #####..
 Lightning Bolt           Conj/Air       #.........   100%        5    ######.
 Metabolic Englaciation   Hex/Ice        #.........   100%        5    ######.
 Yara's Violent Unravell  Hex/Tmut       #.........   100%        5    ######.
 Statue Form              Tmut/Erth      #........    100%        6    #######


Dungeon Overview and Level Annotations

Branches:
Dungeon (10/15)            Temple (0/1) D:5            Lair (0/6) D:8
    Orc: D:9-12

Altars:
Fedhas
Kikubaaqudgha
Makhleb
Okawaru
Trog
Uskayaw
Vehumet
Xom

Annotations:
D:4 exclusions: 2 slaves and 1 more exclusion, Pikel
D:5 Prince Ribbit


Innate Abilities, Weirdness & Mutations

You have a pair of large horns on your head.
You are mostly covered in thin metallic scales. (AC +3)
You are slightly more attuned to the shadows.
You are partially covered in sharp spines.
You have very sharp teeth.
You possess an exceptional clarity of mind.
Your mind is very acute. (Int +4)
You have an increased reservoir of magic. (+10% MP)


Message History

You block the two-headed ogre's attack.
You sock the two-headed ogre!
You feel better.
The two-headed ogre is moderately wounded.
You hit the two-headed ogre.
The two-headed ogre flickers and vanishes!
Deactivating autopickup; reactivate with Ctrl-A.
Something hits you! Something hits you but does no damage.
You sock something! You block something's attack. Something hits you!!
You closely miss something.
Your plate armour prevents you from hitting something.
You headbutt something. Something hits you but does no damage.
Something hits you! Something hits you. x2
Your plate armour prevents you from hitting something.
You headbutt something. You hit something but do no damage. Something hits you!
* * * LOW HITPOINT WARNING * * *
Something hits you!
* * * LOW HITPOINT WARNING * * *
Something completely misses you. Something hits you!
You die...

####################
....................
.............@......
........##'##.{Z....
........#...#.......
#######.#...#.......
#.#...#....... ####
#.#####.......
....###.............
.........######++#
≈≈§.§....#.......#


You could see an adder zombie.

Vanquished Creatures
  A two-headed ogre (D:9)
  A troll (D:10)
  Sigmund (D:4)
  A yak (D:9)
  Menkaure (D:5)
  2 water moccasins
  Duvessa (D:5)
  3 ice beasts
  2 orc warriors (D:9)
  A sky beast (D:7)
  2 phantoms
  5 ogres
  5 centaurs
  2 big kobolds
  2 bullfrogs (D:6)
  An earth elemental (D:9)
  Dowan (D:5)
  5 water moccasin zombies (Ossuary)
  A hornet simulacrum (D:9)
  8 scorpions
  3 wights (D:9)
  7 howler monkeys
  2 bullfrog zombies
  2 crimson imps
  3 jellies
  3 quasits
  A bullfrog skeleton (D:9)
  2 orc priests
  2 hounds
  10 orc wizards
  An iguana (D:7)
  Natasha (thrice) (D:4)
  3 worker ants
  3 big kobold zombies (Ossuary)
  3 centaur simulacra (D:9)
  2 mummies (Ossuary)
  A worker ant zombie (D:9)
  A gnoll (D:4)
  A howler monkey skeleton (D:8)
  14 adders
  4 shadow imps
  2 white imps (D:9)
  A worker ant simulacrum (D:9)
  An ooze (D:1)
  2 adder zombies
  2 adder skeletons
  4 worms
  3 dart slugs
  7 leopard geckos
  42 orcs
  A ball python (D:6)
  10 bats
  6 giant cockroaches
  4 goblins (D:1)
  7 hobgoblins
  8 jackals
  20 kobolds
  3 quokkas
  11 frilled lizards
  4 gnoll zombies (Ossuary)
  A goblin zombie (D:5)
  7 hobgoblin zombies (Ossuary)
  A jackal skeleton (D:6)
  4 kobold zombies (Ossuary)
  A leopard gecko skeleton (D:4)
  A leopard gecko zombie (D:6)
  6 orc zombies (Ossuary)
  A quokka zombie (D:5)
  14 rats
291 creatures vanquished.

Vanquished Creatures (collateral kills)
  A black bear (D:9)
  A bullfrog (D:9)
2 creatures vanquished.

Vanquished Creatures (others)
  An orc wizard (D:4)
  2 orcs (D:4)
3 creatures vanquished.

Grand Total: 296 creatures vanquished

Notes
Turn   | Place    | Note
-------+----------+-------------------------------------------
     0 | D:1      | tilp the Demonspawn Chaos Knight began the quest for the
                  | Orb.
     0 | D:1      | Reached XP level 1. HP: 18/18 MP: 1/1
   104 | D:1      | Reached skill level 3 in Maces & Flails
   105 | D:1      | Reached skill level 1 in Shields
   105 | D:1      | Gained mutation: You are partially covered in thin metallic
                  | scales. (AC +2) [demonic ancestry]
   105 | D:1      | Reached XP level 2. HP: 24/24 MP: 2/2
   340 | D:1      | Reached XP level 3. HP: 14/29 MP: 3/3
   868 | D:2      | XOM: smoke on damage
   869 | D:2      | XOM: divination: detect creatures
   876 | D:2      | Reached XP level 4. HP: 20/35 MP: 4/4
  1126 | D:2      | XOM: harmless Tloc miscast
  1299 | D:2      | Identified Mutudiki's Catalogue of Displaced Transmigration
                  | (Xom gifted it to you on level 2 of the Dungeon)
  1299 | D:2      | XOM: god gift: Mutudiki's Catalogue of Displaced
                  | Transmigration
  1416 | D:3      | XOM: torment (18/35 hp)
  1454 | D:3      | Reached skill level 4 in Maces & Flails
  1570 | D:2      | XOM: noise
  1851 | D:3      | Gained mutation: You have a pair of small horns on your
                  | head. [demonic ancestry]
  1851 | D:3      | Reached XP level 5. HP: 36/41 MP: 5/5
  1926 | D:3      | XOM: mild Chrm miscast
  2214 | D:3      | XOM: summons 2 hostile demons
  2269 | D:3      | Found a burning altar of Makhleb.
  2341 | D:3      | Learned a level 2 spell: Blink
  2593 | D:4      | XOM: swap monsters
  2661 | D:4      | Gained mutation: You have a pair of horns on your head.
                  | [demonic ancestry]
  2661 | D:4      | Reached XP level 6. HP: 27/47 MP: 6/6
  2668 | D:4      | XOM: harmless Pois miscast
  2735 | D:4      | Noticed Natasha
  2742 | D:4      | Killed Natasha
  2756 | D:4      | Noticed Sigmund
  2768 | D:4      | Killed Sigmund
  2768 | D:4      | Reached skill level 5 in Maces & Flails
  2839 | D:4      | XOM: noise
  2840 | D:4      | Noticed Natasha
  2841 | D:4      | XOM: scenery: 2 doors close
  2843 | D:4      | XOM: fog
  2844 | D:4      | XOM: confuse monster(s)
  2853 | D:4      | Killed Natasha
  2856 | D:4      | Gained mutation: You are slightly more attuned to the
                  | shadows. [demonic ancestry]
  2856 | D:4      | Reached XP level 7. HP: 45/52 MP: 7/7
  2868 | D:4      | XOM: medium Necr miscast
  2869 | D:4      | Noticed a shadow
  2869 | D:4      | Noticed a shadow
  2873 | D:4      | XOM: give mutations
  2873 | D:4      | Gained mutation: Your mind is acute. (Int +2) [Xom's grace]
  2873 | D:4      | Gained mutation: You possess an exceptional clarity of
                  | mind. [Xom's grace]
  2959 | D:4      | Noticed Pikel
  3036 | D:4      | Noticed Natasha
  3049 | D:4      | Killed Natasha
  3132 | D:4      | XOM: divine lightning
  3423 | D:4      | Reached skill level 6 in Maces & Flails
  3500 | D:4      | XOM: give mutations
  3500 | D:4      | Gained mutation: You have an increased reservoir of magic.
                  | (+10% MP) [Xom's grace]
  3500 | D:4      | Gained mutation: You have very sharp teeth. [Xom's grace]
  3500 | D:4      | Gained mutation: Your mind is very acute. (Int +4) [Xom's
                  | grace]
  3505 | D:4      | Learned a level 3 spell: Tukima's Dance
  3646 | D:5      | Entered Level 5 of the Dungeon
  3667 | D:5      | XOM: medium Erth miscast
  3671 | D:5      | XOM: mild Summ miscast
  3737 | D:5      | XOM: confuse monster(s)
  3754 | D:5      | XOM: 4-stop teleportation journey
  3784 | D:5      | Found a staircase to the Ecumenical Temple.
  3790 | D:5      | Noticed Menkaure
  3795 | D:5      | Found a sand-covered staircase.
  3798 | D:5      | Killed Menkaure
  3798 | D:5      | Reached skill level 7 in Maces & Flails
  3814 | Ossuary  | Entered an ossuary
  3909 | Ossuary  | Gained mutation: You are mostly covered in thin metallic
                  | scales. (AC +3) [demonic ancestry]
  3909 | Ossuary  | Reached XP level 8. HP: 46/58 MP: 8/8
  3946 | Ossuary  | Reached skill level 8 in Maces & Flails
  4053 | D:5      | Noticed Prince Ribbit
  4356 | D:5      | Noticed Duvessa
  4372 | D:5      | Killed Duvessa
  4375 | D:5      | Noticed Dowan
  4377 | D:5      | Killed Dowan
  4377 | D:5      | Reached skill level 9 in Maces & Flails
  4490 | D:5      | XOM: god gift: ration
  4554 | D:6      | XOM: enchant monster (good)
  4701 | D:6      | XOM: smoke on damage
  4747 | D:6      | XOM: confuse monster(s)
  4832 | D:6      | Reached skill level 10 in Maces & Flails
  4845 | D:6      | Found a bloodstained altar of Trog.
  4859 | D:6      | XOM: potion effect (brilliance)
  4860 | D:6      | Gained mutation: You have a pair of large horns on your
                  | head. [demonic ancestry]
  4860 | D:6      | Reached XP level 9. HP: 43/63 MP: 9/9
  4973 | D:6      | XOM: harmless Fire miscast
  5026 | D:6      | XOM: cast spell 'Ring of Flames'
  5031 | D:6      | Found an iron altar of Okawaru.
  5083 | D:6      | XOM: god gift: potion of agility
  5212 | D:6      | XOM: harmless Ice miscast
  5245 | D:6      | Found a radiant altar of Vehumet.
  5370 | D:7      | XOM: noise
  5402 | D:7      | Reached skill level 11 in Maces & Flails
  5463 | D:7      | XOM: cast spell 'Metabolic Englaciation'
  5487 | D:7      | Found a blossoming altar of Fedhas.
  5495 | D:7      | Noticed a +0 dagger
  5496 | D:7      | Noticed a +0 hand axe
  5504 | D:7      | Found a hide-covered altar of Uskayaw.
  5519 | D:7      | Found a shimmering altar of Xom.
  5847 | D:8      | Found a staircase to the Lair.
  5853 | D:8      | XOM: divination: detect items
  5896 | D:8      | XOM: noise
  5934 | D:8      | XOM: blink monster(s)
  6040 | D:8      | XOM: confuse monster(s)
  6281 | D:8      | Reached skill level 12 in Maces & Flails
  6492 | D:9      | Noticed a polar bear
  6594 | D:9      | XOM: enchant monster (bad)
  6605 | D:9      | Noticed a two-headed ogre
  6633 | D:9      | Gained mutation: You are partially covered in sharp spines.
                  | [demonic ancestry]
  6633 | D:9      | Reached XP level 10. HP: 67/70 MP: 11/11
  6680 | D:9      | XOM: noise
  6849 | D:9      | XOM: enchant monster (good)
  7036 | D:9      | XOM: enchant monster (good)
  7038 | D:9      | XOM: harmless Pois miscast
  7044 | D:9      | Killed a two-headed ogre
  7044 | D:9      | Reached skill level 13 in Maces & Flails
  7127 | D:9      | XOM: noise
  7175 | D:9      | XOM: summons 7 friendly demons
  7189 | D:9      | XOM: enchant monster (bad)
  7197 | D:9      | XOM: harmless Air miscast
  7249 | D:9      | XOM: summons 2 hostile demons
  7459 | D:9      | Found an ancient bone altar of Kikubaaqudgha.
  7501 | D:9      | XOM: mild Erth miscast
  7550 | D:9      | XOM: medium Conj miscast
  7661 | D:9      | XOM: mild Tloc miscast
  7745 | D:10     | Entered Level 10 of the Dungeon
  7751 | D:9      | XOM: scenery: 1 doors open, 1 doors close
  7891 | D:10     | Noticed a two-headed ogre
  7902 | D:10     | HP: 3/70 [something (10)]
  7902 | D:10     | Mangled by a two-headed ogre

Levels and vault maps discovered:
D:1:      co_arrival_random_square_maze, layout_loops_cross,
          minmay_split_cup_large
D:2:      layout_loops_cross, minmay_three_crescents
D:3:      layout_loops_ring, makhleb_heckhound_becter
D:4:      layout_gridville, minmay_between, uniq_natasha, uniq_sigmund,
          uniq_pikel, uniq_blork_the_orc
D:5:      layout_basic, minmay_temple_entry_glass, first_ration,
          enter_ossuary_4, uniq_duvessa, uniq_menkaure, uniq_prince_ribbit1
D:6:      layout_basic, kennysheep_mini, bloody_trog, okawaru_gym_becter
D:7:      layout_rooms, fedhas_altar_3, dancing_weapons_uskayaw, basic_altar,
          kennysheep_generic_room_14
D:8:      layout_basic, lair_entry_dummy
D:9:      layout_stronghold, lemuel_coloured_pillars_altar, serial_ice,
          serial_ice_f, serial_ice_m, serial_ice_d, serial_ice_h
D:10:     minmay_stone_box, layout_irregular_city, hangedman_ranch
          [blue_anna_fruit_fields], minmay_lindwurm_lava, uniq_snorg
Ossuary:  ossuary_tomb_2

Skill      XL: |  1  2  3  4  5  6  7  8  9 10 |
---------------+-------------------------------+-----
Maces & Flails | 3 4 5 7 10 12 13 | 13.7
Shields        | 1 2 3 4 |  4.4
Fighting       | |  3.0
Armour         | |  1.7
Dodging        | |  0.8

Action                   |  1- 3 |  4- 6 |  7- 9 | 10-12 || total
-------------------------+-------+-------+-------+-------++-------
Melee: Mace              |   110 |   218 |   535 |   145 ||  1008
       Headbutt          |       |    17 |   115 |    29 ||   161
       Bite              |       |       |    51 |    18 ||    69
Throw: Stone             |     1 |    25 |       |       ||    26
       Tomahawk          |       |       |     2 |     2 ||     4
Evoke: Wand              |       |       |       |     2 ||     2
  Use: Scroll            |       |     9 |     8 |       ||    17
 Stab: Confused          |     2 |     2 |     9 |       ||    13
       Sleeping          |       |     6 |     7 |       ||    13
       Paralysed         |       |     3 |     1 |     5 ||     9
       Distracted        |       |       |     2 |     2 ||     4
       Petrifying        |       |       |     1 |       ||     1
       Petrified         |       |       |       |     8 ||     8
  Eat: Chunk             |       |     7 |     9 |     3 ||    19
       Ration            |       |       |     1 |     1 ||     2
Armor: Leather armour    |    46 |   110 |   164 |     9 ||   329
       Plate armour      |       |       |       |    39 ||    39
Dodge: Dodged            |    71 |   128 |   180 |    23 ||   402
Block: Buckler           |       |    18 |    84 |    29 ||   131

Table legend:
 A = Non-vault XP
 B = Vault XP
 C = Vault XP percentage of total XP
 D = Non-vault monster count
 E = Vault monster count
 F = Vault count percentage of total count
                 A         B        C        D         E       F
            +---------+---------+-------+---------+---------+-------
      Total |    6771 |    1993 |  22.7 |     229 |      65 |  22.1
            +---------+---------+-------+---------+---------+-------
        D:1 |      41 |       8 |  16.3 |      21 |       5 |  19.2
        D:2 |      56 |      25 |  30.9 |      22 |       6 |  21.4
        D:3 |     172 |      42 |  19.6 |      34 |       1 |   2.9
        D:4 |     189 |     348 |  64.8 |      25 |       6 |  19.4
        D:5 |     320 |     400 |  55.6 |       9 |       5 |  35.7
        D:6 |    1228 |       0 |   0.0 |      32 |       0 |   0.0
        D:7 |     742 |      13 |   1.7 |      18 |       1 |   5.3
        D:8 |     935 |       0 |   0.0 |      27 |       0 |   0.0
        D:9 |    2793 |     612 |  18.0 |      39 |      10 |  20.4
       D:10 |     295 |       0 |   0.0 |       2 |       0 |   0.0
    Ossuary |       0 |     545 | 100.0 |       0 |      31 | 100.0
            +---------+---------+-------+---------+---------+-------
